 Dungeon Crawl Stone Soup version 0.25.1-2-g60ff931df9 (webtiles) character file.

Game seed: 1570670256469161352

105 Artemis the Poker (level 4, -1/34 HPs)
             Began as a Merfolk Skald on Sept 7, 2020.
             Splashed by a jelly's acid (3 damage)
             ... on level 2 of the Dungeon.
             The game lasted 00:08:12 (2212 turns).

Artemis the Poker (Merfolk Skald)                   Turns: 2212, Time: 00:08:13

Health: -1/34      AC:  1    Str: 11    XL:     4   Next: 81%
Magic:  1/7        EV: 13    Int: 13    God:
Gold:   77         SH:  0    Dex: 13    Spells: 6/7 levels left

rFire    . . .     SeeInvis .   a - +0 spear
rCold    . . .     Gourm    .   (no shield)
rNeg     . . .     Faith    .   b - +1 leather armour
rPois    .         Spirit   .   h - +0 helmet
rElec    .         Reflect  .   (no cloak)
rCorr    .         Harm     .   (no gloves)
MR       .....                  (no boots)
Stlth    +.........             (no amulet)
HPRegen  0.11/turn              (no ring)
MPRegen  0.10/turn              (no ring)

@: infused, corroded
A: change form in water, swift swim, stealthy swim
a: no special abilities


You were on level 2 of the Dungeon.
You were very hungry.

You visited 1 branch of the dungeon, and saw 2 of its levels.

You collected 77 gold pieces.

Inventory:

Hand Weapons
 a - a +0 spear (weapon)
 j - a +0 dagger
Armour
 b - a +1 leather armour (worn)
 h - a +0 helmet (worn)
Jewellery
 k - an uncursed ring of fire {unknown}
Scrolls
 e - 3 scrolls of identify
 g - a scroll of magic mapping {unknown}
 i - 2 scrolls of teleportation
 l - 2 scrolls of amnesia {unknown}
 n - a scroll of blinking {unknown}
 o - 2 scrolls of remove curse
Potions
 c - a potion of flight {unknown}
 f - a potion of might
 m - a potion of haste {unknown}
Comestibles
 d - 3 rations


   Skills:
 + Level 2.6 Fighting
 + Level 4.2 Polearms
 + Level 1.3 Armour
 + Level 3.2 Dodging
 * Level 2.4 Spellcasting
 * Level 4.1 Charms


You had 6 spell levels left.
You knew the following spells:

 Your Spells              Type           Power        Failure   Level  Hunger
a - Infusion              Chrm           ##..         6%          1    #......

Your spell library contained the following spells:

 Spells                   Type           Power        Failure   Level  Hunger
 Song of Slaying          Chrm           ##......     9%          2    ###....
 Shroud of Golubria       Chrm/Tloc      #.....       21%         2    ###....
 Ozocubu's Armour         Chrm/Ice       #.......     38%         3    ###....
 Spectral Weapon          Hex/Chrm       #.......     38%         3    ###....


Dungeon Overview and Level Annotations

Branches:
Dungeon (2/15)

Altars:


Message History

You hit the jelly.
Your hands burn!
The jelly is heavily wounded.
The jelly hits you but does no damage.
You completely miss the jelly.
The jelly is heavily wounded.
The jelly barely misses you.
You hit the jelly. The acid corrodes you!
Your hands burn!
The jelly is almost dead.
The jelly barely misses you.
You hit the jelly.
You kill the jelly!
You completely miss the jelly. The jelly hits you. The acid corrodes you!
You are splashed with acid!
* * * LOW HITPOINT WARNING * * *
You hit the jelly.
Your hands burn!
* * * LOW HITPOINT WARNING * * *
The jelly is lightly wounded.
The jelly barely misses you.
You hit the jelly.
Your hands burn!
You die...

#..###.....###..###.####.#
#..##.......##..#.#......#
#.<##...(...##..#.#......##
##.##.......##.............
..##.......##..###........
#####....######.. .........
#....'..###### #.......
########.# ######..
##..)J@.## #.. #'#######
#.. #.....PJ.. ###
#J..J.P... #.PJJ.J.J.
#JP÷÷.J.P. #÷P.P.P... .
#......÷P$ # ########## #


You could see a jelly.

Vanquished Creatures
  A jelly (D:2)
  5 oozes (D:2)
  2 bats (D:1)
  6 giant cockroaches
  5 goblins
  6 hobgoblins
  7 jackals
  11 kobolds
  A ball python (D:2)
  4 frilled lizards
  2 rats (D:2)
50 creatures vanquished.

Vanquished Creatures (others)
  7 toadstools (D:2)
7 creatures vanquished.

Grand Total: 57 creatures vanquished

Notes
Turn   | Place    | Note
-------+----------+-------------------------------------------
     0 | D:1      | Artemis the Merfolk Skald began the quest for the Orb.
     0 | D:1      | Reached XP level 1. HP: 16/16 MP: 3/3
   236 | D:1      | Reached XP level 2. HP: 22/22 MP: 5/5
   961 | D:1      | Reached XP level 3. HP: 19/28 MP: 6/6
  1492 | D:2      | Reached skill level 1 in Armour
  2170 | D:2      | Reached XP level 4. HP: 34/34 MP: 7/7
  2212 | D:2      | Splashed by a jelly's acid

Illustrated notes

Levels and vault maps discovered:
D:1:      wander_arrival_desolate, layout_loops_ring
D:2:      cheibrodos_fertilizer, layout_basic

Skill      XL: |  1  2  3  4 |
---------------+-------------+-----
Dodging        | 3 |  3.2
Armour         | 1 |  1.3
Charms         | 4 |  4.1
Polearms       | 4 |  4.2
Fighting       | |  2.6
Spellcasting   | |  2.4

Action                   |  1- 3 |  4- 6 || total
-------------------------+-------+-------++-------
Melee: Spear             |   198 |    31 ||   229
 Cast: Infusion          |     2 |     1 ||     3
  Use: Scroll            |     5 |       ||     5
  Eat: Chunk             |     3 |       ||     3
Armor: Leather armour    |    72 |     5 ||    77
Dodge: Dodged            |   143 |    11 ||   154
